Unix NetHack Version 5.0.0-0 post-release - last build May  4 2026 22:22:43 (774f63e81ad911689b3a0859ea89b322d5daca8d,branch:main).

Game began 2026-05-07 14:00:29, ended 2026-05-09 08:15:11.

Galadhan1, lawful female human Valkyrie

   --------------------------------                    -------------------
   #........|...................).|                    |............)....|
    ###...........%)............|.---------------------|.---------------.|
       ##..)-----..-------------|........................|...............|
         ##..^.|.....|..........|.---------------------|.|.{%----..-------
            #..|.....|..-------.|.-------------------- |.|...|---..-------
              .......|..|     |......%....)........).|--.----|.......)...|
              ##.....|..|     -----------------------|*....q@|---..-----.|
                #)...|..------------------------------.^------  |..|   |.|
                  )..|..............".[.................|       |..|   |.|
                   .-|..------------------------------..---     |..----|.|
                   ..|..|............................|....|     |.....||.|
                   #.|..|..........................|.|....|     ---...||.|
                    #|..|.........)).<.....)....).)|...----       |...||.|
                     |..|.......................^..|...| ---      -----|.|
                     |..----------------------------...|--.-------------.|
                     |...).............................|.......(........^|
                     -----------------------------------------------------
Galadhan1 the Fighter       St:17 Dx:13 Co:18 In:9 Wi:12 Ch:9  Lawful
Dlvl:10 $:124 HP:0(74) Pw:26(26) AC:2  Xp:8 T:7613 

Latest messages:
 This wall is too hard to dig into.
 You start digging.
 This wall is too hard to dig into.
 You start digging.
 This wall is too hard to dig into.
 You start digging.
 This wall is too hard to dig into.
 You start digging.
 This wall is too hard to dig into.
 You start digging.
 This wall is too hard to dig into.
 You start digging.
 This wall is too hard to dig into.
 You start digging.
 This wall is too hard to dig into.
 You start digging.
 This wall is too hard to dig into.
 You start digging.
 This wall is too hard to dig into.
 You start digging.
 This wall is too hard to dig into.
 You start digging.
 This wall is too hard to dig into.
 You start digging.
 This wall is too hard to dig into.
 You start digging.
 This wall is too hard to dig into.
 You start digging.
 This wall is too hard to dig into.
 You continue digging.
 This wall is too hard to dig into.
 The mumak butts!
 The mumak bites!
 You continue digging.
 This wall is too hard to dig into.
 You hit the mumak!
 The mumak butts!
 The mumak bites!
 What do you want to drink? [x or ?*] *
 You feel much better.
 The mumak butts!
 The mumak bites!
 You miss the mumak.
 The mumak butts!
 You die...
 Do you want your possessions identified? [ynq] (y) y
 Do you want to see your attributes? [ynq] (y) y
 Do you want an account of creatures vanquished? [ynaq] (y) n
 Do you want to see your conduct and achievements? [ynq] (y) y
 Do you want to see the dungeon overview? [ynq] (y) y

Inventory:
 Coins    ('$')
  $ - 124 gold pieces
 Amulets  ('"')
  i - an uncursed amulet versus poison named life saving (being worn)
 Weapons  (')')
  B - a +0 dwarvish mattock (weapon in hands)
 Armor    ('[')
  Q - an uncursed +0 dwarvish iron helm (being worn)
  N - an uncursed +0 pair of leather gloves (being worn)
  j - an uncursed +0 pair of iron shoes (being worn)
  l - an uncursed +0 dwarvish cloak (being worn)
  G - an uncursed +0 studded leather armor (being worn)
 Scrolls  ('?')
  E - an uncursed scroll of teleportation
 Rings    ('=')
  I - an uncursed ring of see invisible (on right hand)
 Wands    ('/')
  U - a wand of digging (0:4)
  w - a wand of lightning (0:1)
  m - a wand of magic missile named magic mizzile (0:7)
 Tools    ('(')
  M - an uncursed bag of holding containing 27 items
  z - an uncursed oil lamp
  L - an uncursed tin opener
  n - an uncursed towel
  u - a +0 unicorn horn
 Gems/Stones  ('*')
  F - an uncursed amber stone
  R - an uncursed amethyst stone
  V - an uncursed dilithium crystal
  H - an uncursed obsidian stone
  P - an uncursed worthless piece of blue glass
  S - an uncursed worthless piece of violet glass
  K - 3 uncursed worthless pieces of white glass
  O - 2 uncursed worthless pieces of yellow glass
  J - 3 uncursed worthless pieces of yellowish brown glass

Contents of the bag of holding:
  an uncursed +3 small shield
  2 uncursed food rations
  a blessed scroll of blank paper
  an uncursed scroll of blank paper
  2 cursed scrolls of blank paper
  a cursed scroll of punishment
  an uncursed scroll of teleportation
  an uncursed potion of booze
  2 uncursed potions of extra healing
  an uncursed potion of full healing named 200z
  4 uncursed potions of water named .
  a wand of digging (0:4)
  a wand of speed monster (0:4)
  a wand of striking named 150z empty (0:0)
  an uncursed blindfold
  a +0 grappling hook
  4 uncursed tallow candles
  an uncursed tin whistle
  an uncursed towel
  an uncursed black opal
  5 uncursed worthless pieces of black glass
  3 uncursed worthless pieces of blue glass
  3 uncursed worthless pieces of green glass
  2 uncursed worthless pieces of orange glass
  an uncursed worthless piece of red glass
  2 uncursed worthless pieces of violet glass
  an uncursed worthless piece of yellowish brown glass

Galadhan1 the Valkyrie's attributes:

Background:
 You were a Fighter, a level 8 human Valkyrie.
 You were lawful, on a mission for Tyr
 who was opposed by Odin (neutral) and Loki (chaotic).
 You were right-handed.
 You were in the Gnomish Mines, on level 10.
 You entered the dungeon 7613 turns ago.
 You had 1649 experience points, 911 more were needed to attain level 9.

Basics:
 You had 0 out of 74 hit points.
 You had all 26 energy points (spell power).
 Your armor class was 2.
 Your wallet contained 124 zorkmids.
 Autopickup was off.

Final Characteristics:
 Your strength was 17 (peak:18, limit:18/100).
 Your dexterity was 13 (limit:18).
 Your constitution was 18 (limit:18).
 Your intelligence was 9 (limit:18).
 Your wisdom was 12 (limit:18).
 Your charisma was 9 (limit:18).

Final Status:
 You weren't hungry.
 You were unencumbered.
 You were wielding a mattock.
 You had basic skill with pick-axe.

Final Attributes:
 You were piously aligned.
 Your items were somewhat protected from fire.
 You were cold resistant.
 Your items were somewhat protected from cold.
 You were poison resistant.
 You saw invisible.
 You were stealthy.
 You were warded.
 You were fast.
 You are dead.

Miscellaneous:
 You didn't encounter any bones levels.
 Total elapsed playing time was 5 hours, 51 minutes and 38 seconds.

Major events:
 Turn
    1: Galadhan1 the lawful human Valkyrie entered the dungeon
  663: entered the Gnomish Mines
  844: attained the rank of Skirmisher (level 3)
 2457: attained the rank of Fighter (level 6)
 4100: reached Mine Town
 7613: killed by a mumak

You didn't know any spells.

Skills:
 Fighting Skills
   bare handed combat [Unskilled]
   two weapon combat  [Unskilled]
   riding             [Unskilled]
 Weapon Skills
   dagger             [Basic]
   axe                [Unskilled]
   pick-axe           [Basic]
   short sword        [Unskilled]
   broadsword         [Unskilled]
   long sword         [Unskilled]
   two-handed sword   [Unskilled]
   saber              [Unskilled]
   hammer             [Unskilled]
   quarterstaff       [Unskilled]
   polearms           [Unskilled]
   spear              [Skilled]
   trident            [Unskilled]
   lance              [Unskilled]
   sling              [Unskilled]
 Spellcasting Skills
   attack spells      [Unskilled]
   escape spells      [Unskilled]

Voluntary challenges:
 Character rerolling was not enabled.
 You never genocided any monsters.
 You never polymorphed an object.
 You never changed form.
 You used no wishes.
Achievements:
 You entered a shop.
 You entered the Gnomish Mines.
 You attained the rank of Skirmisher.
 You attained the rank of Fighter.
 You entered Minetown.
 You entered a temple.

 The Dungeons of Doom: levels 1 to 4
    Level 1:
       An altar.
    Level 2:
       A general store, a fountain.
       Stairs down to The Gnomish Mines.
    Level 3:
       A potion shop.
    Level 4:
 The Gnomish Mines: levels 3 to 10
    Level 3:
    Level 4:
    Level 5:
    Level 6:
       Many shops, a temple and an altar to Tyr, some fountains.
    Level 7:
    Level 8:
    Level 9:
    Level 10: <- You were here.
       A fountain.
       Final resting place for
          you, killed by a mumak.


Vanquished creatures:
  a small mimic
  a watchman
  a quivering blob
  2 leprechauns
  a giant spider
  2 gnome rulers
  2 owlbears
  a dog
  a gray unicorn
  a raven
  a gnome mummy
  3 apes
  2 bugbears
 an imp
  2 rock moles
  3 ponies
  a fog cloud
  2 yellow lights
 17 gnome leaders
  5 gnomish wizards
  a kobold mummy
  a straw golem
  2 paper golems
  2 giant ants
  a little dog
  2 floating eyes
 13 dwarves
  4 homunculi
  a kobold leader
  a kobold shaman
 11 hill orcs
  a rabid rat
  a centipede
  a giant bat
  2 orc zombies
  2 dwarf zombies
  a wererat
  a werejackal
  2 iguanas
  2 acid blobs
  3 coyotes
  5 hobbits
  2 manes
  a large kobold
  a hobgoblin
  3 cave spiders
  a yellow mold
  2 red molds
 58 gnomes
  3 geckos
 18 jackals
  a fox
  2 kobolds
  3 goblins
  2 grid bugs
  2 bats
  3 lichens
  a kobold zombie
  5 newts
218 creatures vanquished.

No species were genocided or became extinct.

Game over:
                       ----------
                      /          \
                     /    REST    \
                    /      IN      \
                   /     PEACE      \
                  /                  \
                  |    Galadhan1     |
                  |      124 Au      |
                  |   killed by a    |
                  |      mumak       |
                  |                  |
                  |                  |
                  |       2026       |
                 *|     *  *  *      | *
        _________)/\\_//(\/(/\)/\//\/|_)_______

Farvel Galadhan1 the Valkyrie...

You died in The Gnomish Mines on dungeon level 10 with 7268 points,
and 124 pieces of gold, after 7613 moves.
You were level 8 with a maximum of 74 hit points when you died.

